 Dungeon Crawl Stone Soup version 0.30-a0-469-g84de5afbc5 (webtiles) character file.

Game seed: 6458632278392447293

53 themarg the Ruffian (level 3, -6/28 HPs)
             Began as a Draconian Transmuter on Dec 19, 2022.
             Mangled by a gnoll
             ... wielding a +0 scimitar
              (12 damage)
             ... on level 2 of the Dungeon.
             The game lasted 00:05:37 (1784 turns).

themarg the Ruffian (Draconian Transmuter)          Turns: 1784, Time: 00:05:38

Health: -6/28      AC:  5    Str: 12    XL:     3   Next: 62%
Magic:  2/6        EV: 12    Int: 21    God:
Gold:   63         SH:  0    Dex: 11    Spells: 1/7 levels left

rFire   . . .      SeeInvis .      - Unarmed
rCold   . . .      Faith    .    (no shield)
rNeg    . . .      Spirit   .    (body armour unavailable)
rPois   .          Reflect  .    (helmet currently unavailable)
rElec   .          Harm     .    (no cloak)
rCorr   .          Rampage  .    (no gloves)
Will    +....                    (boots currently unavailable)
Stlth   ++........               (no amulet)
HPRegen 0.24/turn                b - +6 ring of intelligence
MPRegen 0.10/turn                f - ring of willpower

@: lethally poisoned (-6 -> -9), appendages, very slightly contaminated
A: horns 2, talons 2, AC +5, unfitting armour, cold-blooded
a: End Transformation


You were on level 2 of the Dungeon.
You had temporarily grown beastly horns and talons.
You visited 1 branch of the dungeon, and saw 2 of its levels.

You collected 63 gold pieces.

Inventory:

Hand Weapons
 g - a +0 dagger
Missiles
 c - 28 stones
Jewellery
 b - a +6 ring of intelligence (left hand)
 f - a ring of willpower (right hand)
 h - a ring of fire
Scrolls
 d - a scroll of amnesia {unknown}
 e - a scroll of identify {unknown}
 i - a scroll of poison {unknown}
 j - a scroll of noise {unknown}
Potions
 a - a potion of lignification
 k - a potion of degeneration {unknown}


   Skills:
 - Level 1.1 Fighting
 - Level 1.7 Dodging
 + Level 1.4 Stealth
 + Level 3.4 Unarmed Combat
 + Level 2.5 Spellcasting
 + Level 2.6 Transmutations


You had one spell level left.
You knew the following spells:

 Your Spells              Type           Power      Damage    Failure   Level
a - Beastly Appendage     Tmut           26%        N/A       4%          1
b - Wereblood             Tmut           13%        N/A       7%          2
c - Spider Form           Tmut/Pois      8%         N/A       24%         3

Your spell library contained the following spells:

 Spells                   Type           Power      Damage    Failure   Level
 Ice Form                 Ice/Tmut       8%         N/A       63%         4


Dungeon Overview and Level Annotations

Branches:
Dungeon (2/15)

Altars:


Innate Abilities, Weirdness & Mutations

You have temporarily grown beastly horns and talons.
Your plain brown scales are hard. (AC +5)
You cannot fit into any form of body armour.
You are cold-blooded and may be slowed by cold attacks.


Message History

You hit the endoplasm.
You claw the endoplasm, but do no damage.
You tail-slap the endoplasm.
You kill the endoplasm!
Your horns disappear.
Your talons disappear.
You now have 38 gold pieces (gained 10).
You see here a +0 mace.
Found 10 gold pieces.
You now have 53 gold pieces (gained 15).
You now have 63 gold pieces (gained 10).
Found an escape hatch in the floor.
c - 28 stones (gained 5)
There is an escape hatch in the floor here.
There is an escape hatch in the floor here.
A gnoll comes into view.
It is wielding a +0 scimitar and wearing the ring of the Parsimonious Mango {rElec rF+ Will- AC+4}.
Casting: Beastly Appendage (safe; 4% risk of failure)
Confirm with . or Enter, or press ? or * to list all spells.
You grow a pair of large bovine horns.
Your feet morph into talons.
The gnoll shouts!
You hear a shout!
A gnoll comes into view.
It is wielding a +1 flail of protection.
You closely miss the gnoll. Your kick misses the gnoll.
The gnoll hits you with a +0 scimitar.
You hit the gnoll but do no damage. Your kick misses the gnoll.
You headbutt the gnoll.
The gnoll is lightly wounded.
The gnoll hits you with a +0 scimitar.
Casting: Beastly Appendage (safe; 4% risk of failure)
Confirm with . or Enter, or press ? or * to list all spells.
The spell is quite dangerous to miscast (24% risk of failure)!
Continue anyway?
You miscast Spider Form.
You are very lightly contaminated with residual magic.
You feel rather nauseous for a moment!
You are poisoned.
You feel sick.
A gnoll comes into view. It is wielding a +0 club.
The gnoll hits you with a +0 scimitar.
You feel sick.
The gnoll throws a stone.
The stone hits you.
* * * LOW HITPOINT WARNING * * *
The gnoll hits you with a +0 scimitar!
You die...

#.########.# #.^......#..
#.######.#.# #.# #.#.# #>#
#.#.# #.# #.#.#######
###########.######.#.......#
#>.......................#.#
######..###.@<........##.#.#
##.# #g..[..#.##.##...# #.#
#......#)##.###..# ### #.#
#g.....#.##.# ..# ..#
#.###......#.##.# #.# ..#
#..##......#.##+### ..
..##########......g..#......#
..#
...........[................#
..#############..######.....#


You could see 3 gnolls.

Vanquished Creatures
  An adder (D:2)
  A dart slug (D:1)
  A ball python (D:1)
  An endoplasm (D:2)
  2 giant cockroaches (D:1)
  2 goblins (D:1)
  8 hobgoblins
  4 jackals (D:1)
  A quokka (D:1)
  7 bats
  2 frilled lizards
  3 kobolds (D:1)
  6 rats (D:1)
39 creatures vanquished.

Notes
Turn   | Place    | Note
-------+----------+-------------------------------------------
     0 | D:1      | themarg the Draconian Transmuter began the quest for the
                  | Orb.
     0 | D:1      | Reached XP level 1. HP: 16/16 MP: 3/3
   195 | D:1      | Reached XP level 2. HP: 23/23 MP: 3/5
   216 | D:1      | Learned a level 2 spell: Wereblood
   471 | D:1      | Reached skill level 1 in Stealth
   592 | D:1      | Reached XP level 3. HP: 26/28 MP: 4/6
   600 | D:1      | Learned a level 3 spell: Spider Form
  1468 | D:2      | Found a faded altar of an unknown god.
  1777 | D:2      | Identified the ring of the Parsimonious Mango {rElec rF+
                  | Will- AC+4}
  1784 | D:2      | Mangled by a gnoll

Illustrated notes

Levels and vault maps discovered:
D:1:      erik_arrival_cave_to_civilisation [erik_arrival_cave_to_hall],
          layout_basic, minivault_25
D:2:      layout_basic, chequers_ecumenical_altar_island

Skill      XL: |  1  2 |
---------------+-------+-----
Stealth        | 1 |  1.4
Fighting       | |  1.1
Dodging        | |  1.7
Unarmed Combat | |  3.4
Spellcasting   | |  2.5
Transmutations | |  2.6

Action                   || total
-------------------------++-------
Melee: Unarmed           ||   125
       Kick              ||    16
       Headbutt          ||    15
       Tailslap          ||    11
       Punch             ||     2
 Cast: Beastly Appendage ||    26
       Wereblood         ||     2
Armor: Skin              ||    46
Dodge: Dodged            ||    89

Table legend: (Time is in decaauts)
 A = Elapsed time spent in this place.
 B = Non-inter-level travel time spent in this place.
 C = Inter-level travel time spent in this place.
 D = Time resting spent in this place.
 E = Time spent auto-exploring this place.
 F = Levels seen in this place.
 G = Mean time per level.
                   A        B        C        D        E       F      G
               +--------+--------+--------+--------+--------+-----+--------+
         Total |   1785 |   1598 |    187 |      0 |   1274 |   2 |  892.5 |
       Dungeon |   1785 |   1598 |    187 |      0 |   1274 |   2 |  892.5 |
               +--------+--------+--------+--------+--------+-----+--------+

Top non-repeatable levels by time:
     D:1: 1335 daAuts
     D:2: 449 daAuts
